 Dungeon Crawl Stone Soup version 0.17-a0-1435-geafbe2f (webtiles) character file.

158 panicbit the Covered (level 5, -4/47 HPs)
             Began as a Minotaur Fighter on June 26, 2015.
             Killed from afar by Jessica (11 damage)
             ... with a wand of flame
             ... on level 3 of the Dungeon.
             The game lasted 00:06:38 (1699 turns).

panicbit the Covered (Minotaur Fighter)             Turns: 1699, Time: 00:06:39

Health: -4/47      AC:  8    Str: 20    XL:     5   Next: 16%
Magic:  13/13      EV:  8    Int:  5    God:
Gold:   85         SH:  9    Dex: 11    Spells: 0 memorised, 4 levels left

rFire  . . .     SeeInvis .     a - +0 war axe
rCold  . . .     Clarity  .     b - +0 scale mail
rNeg   . . .     SustAt   .     c - +0 shield
rPois  .         Gourm    .     (helmet restricted)
rElec  .         Spirit   .     (no cloak)
rCorr  .         Warding  .     (no gloves)
rMut   .         Stasis   .     s - +0 pair of boots
MR     .....                    (no amulet)
Stlth  ..........               x - ring of magical power
                                v - ring of invisibility

@: not resistant to hostile enchantments, extremely unstealthy
A: retaliatory headbutt, horns 2
a: Evoke Invisibility


You were on level 3 of the Dungeon.
You were not hungry.

You visited 1 branch of the dungeon, and saw 3 of its levels.

You collected 85 gold pieces.

Inventory:

Hand weapons
 a - a +0 war axe (weapon)
Armour
 b - a +0 scale mail (worn)
 c - a +0 shield (worn)
 s - a +0 pair of boots (worn)
Jewellery
 v - a ring of invisibility (left hand)
 w - an uncursed ring of ice
 x - a ring of magical power (right hand)
Scrolls
 h - a scroll of recharging {unknown}
 i - a scroll of enchant armour {unknown}
 j - 2 scrolls of fear {unknown}
 k - a scroll of immolation {unknown}
 l - a scroll of amnesia {unknown}
 m - a scroll of enchant weapon {unknown}
 o - a scroll of noise {unknown}
 q - 3 scrolls of fog {unknown}
 t - 2 scrolls of remove curse {unknown}
 y - a scroll of identify {unknown}
Potions
 d - a potion of might
 n - a potion of cure mutation {unknown}
 p - 2 potions of curing {unknown}
 r - 2 potions of heal wounds {unknown}
 u - a potion of agility {unknown}
Comestibles
 e - 6 bread rations
 f - 12 chunks of flesh
 g - 2 meat rations


   Skills:
 + Level 4.6 Fighting
 + Level 3.4 Axes
 + Level 4.6 Armour
 + Level 1.6 Dodging
 + Level 0.1 Stealth
 + Level 4.5 Shields


You had 4 spell levels left.
You didn't know any spells.

Dungeon Overview and Level Annotations

Branches:
Dungeon (3/15)

Altars:
Qazlal
Sif Muna

Annotations:
D:3 Jessica


Innate Abilities, Weirdness & Mutations

You reflexively headbutt those who attack you in melee.
You have a pair of horns on your head.


Message History

You closely miss Jessica. Your headbutt misses Jessica.
Jessica casts a spell at you. Pain shoots through your body!
Jessica gestures wildly while chanting.
Jessica blinks!
Jessica casts a spell.
Jessica seems to speed up.
Jessica gestures wildly while chanting.
Jessica blinks!
Use which ability? (? or * to list)
You can't do that.
Jessica zaps a wand.
The puff of flame hits you!
* * * LOW HITPOINT WARNING * * *
Jessica gestures at you while chanting.
You barely resist.
Jessica zaps a wand.
The puff of flame hits you!
* * * LOW HITPOINT WARNING * * *
Jessica shouts, "I don't like beings like you!"
Jessica zaps a wand.
The puff of flame hits you!
You die...

..... #.....#.... #+#...#
#.##.)#.... #..... #.
#.)...## # #....###
#.##.##)###
#..##..@..#####.#.......#
#......%#.#........##.#.#
##......#.#.####....#.#.#
#######.................
#.....@.#####.....#+#.#
#.####>.....+..........
#................#
#.....###+###.....
#.....# #...## #.....#
#....# ........+ + ....
#######.# ... #.#


You could see Jessica.

Vanquished Creatures
  2 orc priests (D:3)
  5 adders
  2 worms
  2 orcs (D:3)
  A giant cockroach (D:1)
  7 goblins
  7 hobgoblins
  A quokka (D:3)
  2 ball pythons
  5 bats
  A giant gecko (D:2)
  3 giant newts
  6 kobolds
  5 rats
49 creatures vanquished.

Notes
Turn   | Place    | Note
--------------------------------------------------------------
     0 | D:1      | panicbit the Minotaur Fighter began the quest for the Orb.
     0 | D:1      | Reached XP level 1. HP: 19/19 MP: 0/0
   241 | D:1      | Reached XP level 2. HP: 25/27 MP: 1/1
   318 | D:1      | Reached skill level 4 in Fighting
   648 | D:2      | Reached XP level 3. HP: 30/33 MP: 2/2
   713 | D:2      | Found a stormy altar of Qazlal.
   812 | D:2      | Found a faded altar to an unknown god.
  1102 | D:2      | Found a deep blue altar of Sif Muna.
  1319 | D:3      | Reached skill level 1 in Dodging
  1361 | D:3      | Reached XP level 4. HP: 37/41 MP: 3/3
  1513 | D:3      | Reached XP level 5. HP: 25/47 MP: 4/4
  1683 | D:3      | Noticed Jessica
  1699 | D:3      | Killed from afar by Jessica

Vault maps used:
D:1:      shiori_arrival_maze
D:2:      old_standard_altar, nicolae_qazlal_general_emergency, first_bread,
          ecumenical_altar_1
D:3:      lemuel_doored_altar, uniq_jessica

Action                   |  1- 3 |  4- 6 || total
-------------------------+-------+-------++-------
Melee: War axe           |   100 |    23 ||   123
  Eat: Chunk             |     2 |     1 ||     3
